 Dungeon Crawl Stone Soup version 0.30.1-9-gdf580d7c3d (webtiles) character file.

Game seed: 14616340777909120870

13408 Wiggles the Severer (level 11, -1/100 HPs)
             Began as a Minotaur Berserker on Oct 5, 2023.
             Was an Elder of Trog.
             Engulfed by a green draconian's poison gas (3 damage)
             ... on level 3 of the Abyss.
             The game lasted 00:14:49 (6783 turns).

Wiggles the Severer (Minotaur Berserker)            Turns: 6783, Time: 00:14:49

Health: -1/100     AC: 22    Str: 25    XL:     11   Next: 75%
Magic:  10/10      EV: 14    Int:  4    God:    Trog [****..]
Gold:   466        SH:  0    Dex: 11    Spells: 10/10 levels left

rFire   . . .        o - +4 battleaxe (heavy)
rCold   . . .        (shield currently unavailable)
rNeg    . . .        w - +1 plate armour
rPois   .            x - +2 hat
rElec   .            I - +0 cloak
rCorr   +            l - +1 pair of gloves
SInv    .            (no boots)
Will    .....        D - amulet of regeneration Stlth
                     i - +5 ring of evasion
HPRegen 1.16/turn    A - ring of resist corrosion
MPRegen 0.12/turn

%: no passive effects
@: lethally poisoned (-1 -> -42)
A: horns 2, retaliatory headbutt, deterioration 1
a: Renounce Religion, Berserk, Trog's Hand, Brothers in Arms


You were on level 3 of the Abyss.
You worshipped Trog.
Trog was greatly pleased with you.
You visited 1 branch of the dungeon, and saw 10 of its levels.
You visited the Abyss 1 time.
You also visited: Bailey.

You collected 648 gold pieces.
You spent 182 gold pieces at shops.

Inventory:

Hand Weapons
 e - a +2 heavy battleaxe
 o - a +4 heavy battleaxe (weapon)
Armour
 l - a +1 pair of gloves (worn)
 w - a +1 plate armour (worn)
 x - a +2 hat (worn)
 I - a +0 cloak (worn)
Jewellery
 i - a +5 ring of evasion (left hand)
 v - an amulet of guardian spirit
 A - a ring of resist corrosion (right hand)
 D - an amulet of regeneration (around neck)
 G - an amulet of magic regeneration
Wands
 c - a wand of roots (37)
 r - a wand of flame (10)
 F - a wand of light (3)
 H - a wand of mindburst (8)
Scrolls
 b - 6 scrolls of vulnerability
 g - 5 scrolls of identify
 m - 2 scrolls of poison
 n - 3 scrolls of magic mapping
 t - a scroll of summoning
 y - 2 scrolls of teleportation
 E - 2 scrolls of fear
Potions
 a - 3 potions of flight
 d - a potion of cancellation
 f - a potion of heal wounds
 h - 2 potions of resistance
 j - a potion of lignification
 k - a potion of brilliance
 p - a potion of experience
 q - 3 potions of ambrosia
 s - 2 potions of might
 u - a potion of curing
 z - 2 potions of mutation
 B - 3 potions of degeneration
 C - 2 potions of haste
 J - a potion of magic {unknown}


   Skills:
 + Level 10.2 Fighting
 + Level 15.8 Axes
 + Level 12.5 Armour
 + Level 5.0 Dodging
 + Level 1.5 Stealth


You had 10 spell levels left.
You didn't know any spells.
Your spell library was empty.

Dungeon Overview and Level Annotations

Branches:
Dungeon (10/15)            Temple (0/1) D:4          Bailey (visited)
   Lair: D:8-11         Orc: D:9-12

Altars:
Ashenzari
Cheibriados
Elyvilon
Gozag
Hepliaklqana
Makhleb
Trog
Xom

Shops:
D:3 !


Innate Abilities, Weirdness & Mutations

You have a pair of horns on your head.
You reflexively headbutt those who attack you in melee.
Your body sometimes deteriorates upon taking damage.


Message History

You feel extremely sick.
Your ogre is engulfed in poison gas.
Your ogre looks even sicker.
Your ogre hits the juggernaut skeleton with a +0 giant spiked club.
The juggernaut skeleton barely misses you.
You furiously retaliate!
You headbutt the juggernaut skeleton! The juggernaut skeleton hits you!!
Your ogre hits the juggernaut skeleton with a +0 giant spiked club!!!
The green draconian misses you. The green draconian closely misses you.
A deafening chorus of shrieks assaults your mind!
* * * LOW HITPOINT WARNING * * *
You suddenly lose the ability to move!
You can move again.
You carve the worldbinder like a ham!!!
You destroy the worldbinder!
Trog accepts your kill.
The wolf spider disappears in a puff of smoke!
You slice the juggernaut skeleton!! You closely miss the green draconian.
You are engulfed in poison gas.
You are lethally poisoned!
* * * LOW HITPOINT WARNING * * *
x2 You feel extremely sick.
Your ogre is engulfed in poison gas.
Your ogre looks even sicker.
Your ogre hits the juggernaut skeleton with a +0 giant spiked club.
The juggernaut skeleton is destroyed!
Trog accepts your kill.
Your ogre hits the starcursed mass with a +0 giant spiked club.
The starcursed mass shudders and is absorbed by its neighbour.
The green draconian misses you. You furiously retaliate!
You headbutt the green draconian!
The green draconian tail-slaps you but does no damage.
A starcursed mass splits.
Your Fighting skill increases to level 10!
Really quaff the potion of mutation?
You feel extremely strange.
You feel yourself wasting away.
You are engulfed in poison gas.
You are more poisoned.
You die...

.#.###.#..#
.
..#..#...###
.# #.....
.#. .# .
#.#..#...
..#
#.#..##..##
####....#. #
°.°#.#. .
...#.##°d#..
## #
#..OO@## ..#
###.°X# . .
#.X## ...#
#X#X .#.
#.#XX .#
##.#. ... #
##


You could see 6 starcursed masses, a green draconian and 2 friendly ogres.

Vanquished Creatures
  A green death (Abyss:3)
  An ogre mage (D:10)
  A centaur warrior (D:10)
  The ghost of jujuben the Destroyer, a novice OpEE of Vehumet (D:9)
  Pikel (D:5)
  An orc knight (Bailey)
  A worldbinder (Abyss:3)
  A troll (D:10)
  3 raiju (Abyss:3)
  Sigmund (D:5)
  A wyvern (D:10)
  A wraith (D:9)
  A yak (D:10)
  A large abomination (Abyss:3)
  A steam dragon (D:6)
  Menkaure (D:6)
  A vampire mosquito (D:10)
  4 water moccasins
  2 acid dragons (D:9)
  Duvessa (D:6)
  9 orc warriors
  A sky beast (D:6)
  3 ice beasts
  A black bear (D:5)
  A boggart (D:9)
  3 centaurs
  2 ogres
  A lemure (D:5)
  A phantom (D:4)
  A kobold brigand (D:6)
  4 scorpions
  3 bullfrogs (D:8)
  Dowan (D:6)
  15 wights
  14 killer bees
  7 howler monkeys
  A gnoll bouda (D:8)
  3 orc priests
  3 sleepcaps
  3 hounds
  Natasha (thrice) (D:3)
  5 iguanas
  8 orc wizards
  12 gnolls
  6 adders
  A shadow imp (D:8)
  2 white imps
  An ufetubus (D:5)
  A worm (D:2)
  3 dart slugs
  39 orcs
  7 bats
  6 endoplasms
  2 giant cockroaches
  6 goblins
  10 hobgoblins
  6 jackals (D:2)
  4 quokkas
  5 ball pythons
  6 frilled lizards
  11 kobolds
  7 rats
254 creatures vanquished.

Vanquished Creatures (collateral kills)
  A juggernaut skeleton (Abyss:3)
  A hydra (D:10)
  A smoke demon (Abyss:3)
  A wraith (D:10)
  3 orc warriors (Bailey)
  An orc (Bailey)
8 creatures vanquished.

Vanquished Creatures (others)
  An orc (D:5)
1 creature vanquished.

Grand Total: 263 creatures vanquished

Notes
Turn   | Place    | Note
-------+----------+-------------------------------------------
     0 | D:1      | Wiggles the Minotaur Berserker began the quest for the Orb.
     0 | D:1      | Reached XP level 1. HP: 19/19 MP: 0/0
   109 | D:1      | Reached skill level 4 in Axes
   109 | D:1      | Reached XP level 2. HP: 27/27 MP: 1/1
   664 | D:2      | Reached XP level 3. HP: 33/33 MP: 2/2
   776 | D:2      | Reached ** piety under Trog
  1077 | D:3      | Noticed Natasha
  1084 | D:3      | Killed Natasha
  1085 | D:3      | Reached XP level 4. HP: 41/41 MP: 3/3
  1097 | D:3      | Reached skill level 5 in Axes
  1099 | D:3      | Reached XP level 5. HP: 38/47 MP: 4/4
  1245 | D:3      | Found a broken altar of Ashenzari.
  1245 | D:3      | Found a shimmering altar of Xom.
  1246 | D:3      | Found a burning altar of Makhleb.
  1269 | D:3      | Found a bloodstained altar of Trog.
  1430 | D:3      | Noticed Natasha
  1432 | D:3      | Killed Natasha
  1432 | D:3      | Found a snail-covered altar of Cheibriados.
  1435 | D:3      | Reached *** piety under Trog
  1472 | D:3      | Reached XP level 6. HP: 55/55 MP: 5/5
  1517 | D:3      | Noticed Natasha
  1523 | D:3      | Killed Natasha
  1524 | D:3      | Reached skill level 5 in Fighting
  1796 | D:3      | Found Voxeacy's Distillery.
  1817 | D:3      | Bought a potion of curing for 42 gold pieces
  1817 | D:3      | Bought a potion of heal wounds for 70 gold pieces
  1817 | D:3      | Bought a potion of heal wounds for 70 gold pieces
  1869 | D:4      | Reached skill level 6 in Axes
  2152 | D:4      | Found a staircase to the Ecumenical Temple.
  2293 | D:4      | Reached skill level 7 in Axes
  2293 | D:4      | Reached skill level 5 in Armour
  2293 | D:4      | Reached XP level 7. HP: 58/61 MP: 4/6
  2371 | D:4      | Found an opulent altar of Gozag.
  2375 | D:4      | You fall into a shaft and drop 3 floors!
  2560 | D:5      | Entered Level 5 of the Dungeon
  2560 | D:5      | Noticed Pikel
  2572 | D:5      | Killed Pikel
  2573 | D:5      | Reached skill level 8 in Axes
  2573 | D:5      | Reached skill level 1 in Stealth
  2573 | D:5      | Reached XP level 8. HP: 29/69 MP: 2/7
  2586 | D:5      | Reached skill level 9 in Axes
  2753 | D:5      | Found a white marble altar of Elyvilon.
  2782 | D:5      | Noticed Sigmund
  2789 | D:5      | Killed Sigmund
  3240 | D:5      | Reached skill level 10 in Axes
  3318 | D:5      | Reached **** piety under Trog
  3524 | D:6      | Reached XP level 9. HP: 64/75 MP: 5/8
  3746 | D:6      | Found a hazy altar of Hepliaklqana.
  3770 | D:6      | Noticed Dowan
  3770 | D:6      | Noticed Duvessa
  3777 | D:6      | Killed Duvessa
  3798 | D:6      | Killed Dowan
  3953 | D:6      | Reached skill level 11 in Axes
  3962 | D:6      | Noticed Menkaure
  3967 | D:6      | Killed Menkaure
  4586 | D:7      | Reached skill level 12 in Axes
  4926 | D:7      | Identified a scroll of acquirement
  4926 | D:7      | Acquired a +0 heavy battleaxe
  5009 | D:8      | Reached XP level 10. HP: 58/86 MP: 9/9
  5210 | D:8      | Reached ***** piety under Trog
  5317 | D:8      | Found a flagged portal.
  5329 | Bailey   | Entered a bailey
  5376 | Bailey   | Reached skill level 10 in Armour
  5510 | Bailey   | Received a gift from Trog
  5571 | Bailey   | Reached skill level 13 in Axes
  5637 | Bailey   | Found the +9 sword of Power {lifebolt}
  5637 | Bailey   | Noticed an orc knight
  5646 | Bailey   | Killed an orc knight
  5925 | D:9      | Reached skill level 14 in Axes
  6240 | D:9      | Found a runed translucent door.
  6241 | D:9      | Noticed jujuben's ghost (novice OpEE)
  6260 | D:9      | Killed jujuben's ghost
  6356 | D:9      | Reached XP level 11. HP: 76/95 MP: 10/10
  6551 | D:10     | Entered Level 10 of the Dungeon
  6648 | D:10     | Noticed a centaur warrior
  6648 | D:10     | Noticed an ogre mage
  6649 | D:10     | Noticed a seven-headed hydra
  6649 | D:10     | Noticed a wizard
  6659 | D:10     | Killed a centaur warrior
  6662 | D:10     | Killed an ogre mage
  6663 | D:10     | Killed an eight-headed hydra
  6664 | D:10     | Reached skill level 15 in Axes
  6665 | Abyss:3  | Cast into level 3 of the Abyss (a wizard)
  6676 | Abyss:3  | Noticed a green death
  6695 | Abyss:3  | Killed a green death
  6696 | Abyss:3  | Reached skill level 5 in Dodging
  6764 | Abyss:3  | Noticed a green draconian
  6775 | Abyss:3  | Noticed a starcursed mass
  6781 | Abyss:3  | Noticed a wolf spider
  6781 | Abyss:3  | Paralysed by accursed screaming for 1 turns
  6782 | Abyss:3  | HP: 2/99 [poisoned by a green draconian (poison gas)]
  6783 | Abyss:3  | Reached skill level 10 in Fighting
  6783 | Abyss:3  | Gained mutation: Your body sometimes deteriorates upon
                  | taking damage. [potion of mutation]
  6783 | Abyss:3  | Engulfed by a green draconian's poison gas

Illustrated notes

Levels and vault maps discovered:
D:1:      dpeg_arrival_short_road, layout_rooms
D:2:      layout_basic
D:3:      layout_rooms, nicolae_overflow_quartered_altars,
          mainiacjoe_overflow_cross_hatched, serial_shops, shop, uniq_natasha
D:4:      layout_cave_pools, amcnicky_altar_gilded, minmay_temple_entry_ruins
D:5:      layout_basic, lemuel_coloured_pillars_altar, enter_ossuary_5,
          uniq_sigmund, uniq_pikel
D:6:      layout_loops_ring, kennysheep_mini, uniq_duvessa, uniq_menkaure
D:7:      layout_basic
D:8:      layout_rooms, enter_bailey_3, kennysheep_generic_room_13
D:9:      layout_loops_cross, ebering_ghost_inner_flame
D:10:     minmay_chambers_of_sevens, layout_basic, orc_0_dummy
Abyss:3:  base:
D:10

Skill      XL: |  1  2  3  4  5  6  7  8  9 10 11 |
---------------+----------------------------------+-----
Axes           | 4 5 7 8 10 12 14 15 | 15.8
Fighting       | 4 5 6 7 8 10 | 10.2
Armour         | 3 4 5 6 7 9 11 12 | 12.5
Dodging        | 3 4 5 |  5.0
Stealth        | 1 |  1.5

Action                     |  1- 3 |  4- 6 |  7- 9 | 10-12 || total
---------------------------+-------+-------+-------+-------++-------
  Melee: Hand axe          |    81 |    31 |       |       ||   112
         Headbutt          |    13 |    10 |    32 |    24 ||    79
         Punch             |     1 |     1 |     2 |       ||     4
         War axe           |       |    44 |   152 |       ||   196
         Battleaxe         |       |       |     6 |   157 ||   163
 Invoke: Berserk           |       |     2 |     1 |     3 ||     6
         Brothers in Arms  |       |       |       |     4 ||     4
    Use: Scroll            |       |       |    22 |     3 ||    25
         Potion            |       |       |       |     8 ||     8
 Armour: Scale mail        |    25 |    26 |       |       ||    51
         Plate armour      |       |     1 |   105 |   149 ||   255
  Dodge: Dodged            |    57 |    79 |   119 |   242 ||   497
